 Dungeon Crawl Stone Soup version 0.27-a0-1188-g73eefd5def (webtiles) character file.

Game seed: 1376043864375349355

110 st0uf the Skirmisher (level 4, -5/29 HPs)
             Began as a Gargoyle Fighter on May 20, 2021.
             Slain by Sigmund
             ... wielding a +0 scythe of freezing
              (7 damage)
             ... on level 3 of the Dungeon.
             The game lasted 00:03:39 (1871 turns).

st0uf the Skirmisher (Gargoyle Fighter)             Turns: 1871, Time: 00:03:39

Health: -5/29      AC: 11    Str: 20    XL:     4   Next: 91%
Magic:  4/4        EV:  7    Int:  9    God:
Gold:   111        SH:  9    Dex:  9    Spells: 3/3 levels left

rFire    . . .     SeeInvis .   a - +0 war axe
rCold    . . .     Faith    .   c - +0 kite shield
rNeg     + . .     Spirit   .   b - +0 scale mail
rPois    ∞         Reflect  .   m - +0 helmet
rElec    +         Harm     .   (no cloak)
rCorr    .         Rampage  .   (no gloves)
Will     .....                  (no boots)
Stlth    ..........             (no amulet)
HPRegen  0.09/turn              (no ring)
MPRegen  0.09/turn              (no ring)

@: no status effects
A: sickness immunity, AC +3, negative energy resistance 1, electricity
resistance, torment resistance 1, petrification resistance
a: no special abilities


You were on level 3 of the Dungeon.
You visited 1 branch of the dungeon, and saw 4 of its levels.

You collected 111 gold pieces.

Inventory:

Hand Weapons
 a - a +0 war axe (weapon)
Armour
 b - a +0 scale mail (worn)
 c - a +0 kite shield (worn)
 m - a +0 helmet (worn)
Scrolls
 f - a scroll of acquirement {unknown}
 h - 2 scrolls of teleportation {unknown}
 k - a scroll of enchant weapon {unknown}
 l - a scroll of vulnerability {unknown}
 o - a scroll of immolation {unknown}
 p - a scroll of identify {unknown}
Potions
 d - a potion of might
 e - 2 potions of degeneration {unknown}
 i - a potion of resistance {unknown}
 j - a potion of mutation {unknown}
 n - a potion of magic {unknown}


   Skills:
 + Level 4.0 Fighting
 + Level 3.0 Axes
 + Level 3.8 Armour
 + Level 0.1 Stealth
 + Level 4.0 Shields


You had 3 spell levels left.
You didn't know any spells.
Your spell library was empty.

Dungeon Overview and Level Annotations

Branches:
Dungeon (4/15)
 Temple: D:4-7

Altars:
Makhleb

Annotations:
D:3 Sigmund


Innate Abilities, Weirdness & Mutations

You are immune to sickness and miasma.
Your stone body is resilient. (AC +3)
You are immune to poison.
You resist negative energy. (rN+)
You are resistant to electric shocks. (rElec)
You are resistant to unholy torment.
You are immune to petrification.


Message History

Sigmund is moderately wounded.
You block Sigmund's attack.
You slash Sigmund!
Sigmund is heavily wounded.
Sigmund screams, "Die, monster!"
Sigmund barely misses you.
Sigmund hits you with a +0 scythe of freezing!
Sigmund freezes you.
* * * LOW HITPOINT WARNING * * *
You hit Sigmund.
Sigmund is severely wounded.
Sigmund looks at you with fury. Sigmund barely misses you.
You closely miss Sigmund.
Sigmund is severely wounded.
Sigmund hits you with a +0 scythe of freezing.
* * * LOW HITPOINT WARNING * * *
Sigmund freezes you.
* * * LOW HITPOINT WARNING * * *
Sigmund hits you with a +0 scythe of freezing.
* * * LOW HITPOINT WARNING * * *
Sigmund freezes you.
* * * LOW HITPOINT WARNING * * *
You hit Sigmund.
Sigmund is severely wounded.
Sigmund points at you and mumbles some strange words.
The magic dart hits you but does no damage.
Unknown command.
You barely miss Sigmund.
Sigmund is severely wounded.
Sigmund hits you with a +0 scythe of freezing.
* * * LOW HITPOINT WARNING * * *
Sigmund freezes you.
* * * LOW HITPOINT WARNING * * *
You block Sigmund's attack.
You hit Sigmund.
Sigmund is almost dead.
You block Sigmund's attack.
Sigmund hits you with a +0 scythe of freezing!
You die...

####### ##.....##
##.......##
#.........#
#.........#
#.........#
#.........#
#.)@......#
##..@....##########
#..........†<.....##
#?........#######...
....<......# ######
###...........
...... #.........###
###### .........##
..........


You could see Sigmund.

Vanquished Creatures
  An iguana (D:2)
  An orc wizard (D:3)
  An adder (D:2)
  A worm (D:2)
  4 dart slugs
  3 orcs (D:3)
  9 endoplasms
  4 goblins
  A hobgoblin (D:1)
  A quokka (D:1)
  A ball python (D:1)
  2 bats
  3 frilled lizards
  4 kobolds
  A rat (D:1)
37 creatures vanquished.

Notes
Turn   | Place    | Note
-------+----------+-------------------------------------------
     0 | D:1      | st0uf the Gargoyle Fighter began the quest for the Orb.
     0 | D:1      | Reached XP level 1. HP: 14/14 MP: 1/1
   353 | D:1      | Reached XP level 2. HP: 13/20 MP: 2/2
   798 | D:1      | Found a faded altar of an unknown god.
  1060 | D:2      | Reached XP level 3. HP: 24/24 MP: 3/3
  1171 | D:2      | Found a burning altar of Makhleb.
  1229 | D:2      | You fall into a shaft and drop 2 floors!
  1286 | D:3      | Reached XP level 4. HP: 29/29 MP: 4/4
  1403 | D:3      | Noticed Sigmund
  1414 | D:3      | HP: 1/29 [iguana (5)]
  1871 | D:3      | Slain by Sigmund

Illustrated notes

Levels and vault maps discovered:
D:1:      giann_wishing_wells, layout_basic,
          shapermc_ecumenical_altar_hornbeckon
D:2:      layout_rooms, basic_altar
D:3:      layout_rooms, uniq_sigmund, uniq_crazy_yiuf_cottage
D:4:      layout_basic, minmay_temple_entry_hall

Skill      XL: |  1  2  3  4 |
---------------+-------------+-----
Axes           | 2 3 |  3.0
Fighting       | 4 |  4.0
Shields        | 4 |  4.0
Armour         | |  3.8
Stealth        | |  0.1

Action                   |  1- 3 |  4- 6 || total
-------------------------+-------+-------++-------
Melee: War axe           |    90 |    33 ||   123
  Use: Potion            |       |     2 ||     2
Armor: Scale mail        |    53 |    20 ||    73
Dodge: Dodged            |    29 |    13 ||    42
Block: Kite shield       |    59 |    18 ||    77

Table legend: (Time is in decaauts)
 A = Elapsed time spent in this place.
 B = Non-inter-level travel time spent in this place.
 C = Inter-level travel time spent in this place.
 D = Time resting spent in this place.
 E = Time spent auto-exploring this place.
 F = Levels seen in this place.
 G = Mean time per level.
                   A        B        C        D        E       F      G
               +--------+--------+--------+--------+--------+-----+--------+
         Total |   1954 |   1898 |     56 |     54 |   1451 |   4 |  488.5 |
       Dungeon |   1954 |   1898 |     56 |     54 |   1451 |   4 |  488.5 |
               +--------+--------+--------+--------+--------+-----+--------+

Top non-repeatable levels by time:
     D:1: 1097 daAuts
     D:2: 589 daAuts
     D:3: 245 daAuts
     D:4: 21 daAuts
